 Dungeon Crawl Stone Soup version 0.25-a0-62-g88673ef095 (webtiles) character file.

Game seed: 7052908717051798169, levelgen mode: deterministic

252 Amnesiac the Insei (level 6, 0/33 HPs)
             Began as a Vine Stalker Monk on Oct 29, 2019.
             Was an Elder of Ru.
             Slain by a scorpion (4 damage)
             ... in an ossuary.
             The game lasted 00:08:54 (2524 turns).

Amnesiac the Insei (Vine Stalker Monk)              Turns: 2524, Time: 00:08:54

Health: 0/33       AC:  3    Str: 15    XL:     6   Next: 14%
Magic:  0/7        EV: 14    Int: 10    God:    Ru [****..]
Gold:   233        SH:  0    Dex: 17    Spells: 5/5 levels left

rFire    . . .     SeeInvis .     - Unarmed
rCold    . . .     Gourm    .   (no shield)
rNeg     . . .     Faith    .   a - +0 robe
rPois    .         Spirit   +   p - +0 helmet
rElec    .         Reflect  .   (no cloak)
rCorr    .         Harm     .   (no gloves)
MR       .....                  (no boots)
Stlth    ++........             k - amulet of rage
HPRegen  0.51/turn              h - ring of wizardry
MPRegen  0.10/turn              (no ring)

@: lethally poisoned (0 -> -14), exhausted, lightly drained
A: fangs 2, regeneration 1, magic shield, antimagic bite, no potion heal 3, rot
immunity, inability to use devices, inexperienced 1
a: Draw Out Power, Power Leap, Renounce Religion


You were in an ossuary.
You worshipped Ru.
Ru was greatly pleased with you.
You were hungry.

You visited 1 branch of the dungeon, and saw 4 of its levels.
You also visited: Ossuary.

You collected 233 gold pieces.

Inventory:

Armour
 a - a +0 robe (worn)
 p - a +0 helmet (worn)
Jewellery
 h - a ring of wizardry (left hand)
 k - an amulet of rage (around neck)
Scrolls
 c - a scroll of teleportation {!r, unknown}
 e - 3 scrolls of identify {!r, unknown}
 g - a scroll of remove curse {!r, unknown}
 i - a scroll of enchant armour {!r, unknown}
 l - 2 scrolls of amnesia {!r, unknown}
 t - 2 scrolls of fear {!r, unknown}
 v - a scroll of immolation {!r, unknown}
Potions
 d - 2 potions of curing {!q}
 f - 2 potions of brilliance {!q, unknown}
 j - 2 potions of agility {!q}
 m - a potion of degeneration {!q, unknown}
 n - a potion of heal wounds {!q, unknown}
 o - 2 potions of ambrosia {!q, unknown}
 q - 2 potions of flight {!q, unknown}
 r - 2 potions of might {!q, unknown}
 s - a potion of mutation {!q, unknown}
 u - a potion of invisibility {!q, unknown}
Comestibles
 b - 9 rations


   Skills:
 + Level 4.2(4.0) Fighting
 + Level 3.8(3.5) Dodging
 - Level 2.4(2.1) Stealth
 * Level 5.9(5.6) Unarmed Combat


You had 5 spell levels left.
You didn't know any spells.
Your spell library was empty.

Dungeon Overview and Level Annotations

Branches:
Dungeon (4/15)            Ossuary (1/1)
 Temple: D:4-7

Altars:
Elyvilon
Ru
Yredelemnul
Zin

Annotations:
D:3 Ijyb


Innate Abilities, Weirdness & Mutations

You have extremely sharp teeth.
Your natural rate of healing is unusually fast.
When hurt, damage is shared between your health and your magic reserves.
Your bite disrupts and absorbs the magic of your enemies.
Potions cannot restore your health.
You are immune to rotting.
You cannot study or use magical devices.
You are somewhat inexperienced. (-2 XL)


Message History

You feel sick.
A poisoned dart hits the scorpion, but does no damage!
There is an open door here.
You hit the scorpion but do no damage.
You bite the scorpion, but do no damage.
The scorpion is heavily wounded.
The scorpion stings you!
* * * LOW HITPOINT WARNING * * *
You are more poisoned.
The scorpion poisons you! The scorpion stings you.
* * * LOW HITPOINT WARNING * * *
* * * LOW HITPOINT WARNING * * *
You feel sick.
An arrow hits the scorpion!
* * * LOW HITPOINT WARNING * * *
You feel sick.
* * * LOW HITPOINT WARNING * * *
You feel sick.
The scorpion looks more healthy.
* * * LOW HITPOINT WARNING * * *
You feel sick.
There is an open door here.
Okay, then.
You are restored by drawing out deep reserves of power within.
You feel drained.
You feel sick. The scorpion stings you.
You barely miss the scorpion.
The scorpion is severely wounded.
You feel sick. The scorpion stings you.
You focus your will and blind the scorpion in retribution!
The scorpion stings you but does no damage.
You hit the scorpion but do no damage.
The scorpion is severely wounded.
You feel sick. The scorpion stings you.
You are more poisoned.
The scorpion poisons you!
You focus your will and blind the scorpion in retribution!
The scorpion misses you.
You hit the scorpion.
You bite the scorpion, but do no damage.
The scorpion is severely wounded.
You feel sick. The scorpion misses you.
You hit the scorpion but do no damage.
The scorpion is moderately wounded.
You feel sick.
You catch the helpless scorpion completely off-guard!
You hit the scorpion but do no damage.
You bite the scorpion, but do no damage.
The scorpion is severely wounded.
You feel sick. The scorpion stings you.
* * * LOW HITPOINT WARNING * * *
The scorpion stings you!
* * * LOW HITPOINT WARNING * * *
You are more poisoned.
The scorpion poisons you!
You catch the helpless scorpion completely off-guard!
You hit the scorpion.
You kill the scorpion!
* * * LOW HITPOINT WARNING * * *
You feel very sick. The scorpion barely misses you.
You barely miss the scorpion. You bite the scorpion. You drain its power.
You feel invigorated.
The scorpion is heavily wounded.
* * * LOW HITPOINT WARNING * * *
You feel sick. The scorpion stings you!
You die...

##†#######'########## +##
#.....#.....#^^^#...#...#
#.....#.....#^^^'...8...#
#.....8.....#^^^#.......#
#...........##'###8...8##
#...........#...#.......#
###8.....8###...#...8...#
#...........#s..#...#...#
#...........##@#######+##
#.....8.....#^^^#M!!#
#.....#.....'^^^#?.?+
#.....#.....#^^^#!?.#
#####################


You could see a mummy and a scorpion.

Vanquished Creatures
  4 scorpions (Ossuary)
  A human zombie (Ossuary)
  3 orc wizards (D:3)
  2 big kobold zombies (Ossuary)
  A mummy (Ossuary)
  3 adders (D:2)
  A scorpion zombie (Ossuary)
  An ooze (D:4)
  A worm (D:2)
  2 dart slugs (D:1)
  4 leopard geckos
  8 orcs
  4 bats
  11 giant cockroaches
  7 goblins
  5 hobgoblins
  3 jackals
  A quokka (D:3)
  A ball python (D:3)
  3 frilled lizards (D:1)
  2 gnoll zombies (Ossuary)
  3 goblin zombies (Ossuary)
  4 kobolds
  2 kobold zombies (Ossuary)
  4 orc zombies (Ossuary)
  7 rats
  A spectral orc (D:2)
89 creatures vanquished.

Vanquished Creatures (others)
  A bat (D:2)
1 creature vanquished.

Grand Total: 90 creatures vanquished

Notes
Turn   | Place    | Note
-------+----------+-------------------------------------------
     0 | D:1      | Amnesiac the Vine Stalker Monk began the quest for the Orb.
     0 | D:1      | Reached XP level 1. HP: 11/11 MP: 2/2
   137 | D:1      | Reached XP level 2. HP: 16/16 MP: 3/3
   425 | D:2      | Reached XP level 3. HP: 8/20 MP: 1/4
   603 | D:2      | Found a sacrificial altar of Ru.
   608 | D:2      | Became a worshipper of Ru the Awakened
   620 | D:2      | Gained mutation: You cannot study or use magical devices.
                  | [Ru sacrifice]
   620 | D:2      | Reached * piety under Ru
   620 | D:2      | Reached ** piety under Ru
  1078 | D:2      | Reached skill level 4 in Unarmed Combat
  1148 | D:2      | Gained mutation: Your natural rate of healing is unusually
                  | fast. [Vine Stalker growth]
  1148 | D:2      | Reached XP level 4. HP: 21/24 MP: 5/5
  1355 | D:2      | Found a faded altar of an unknown god.
  1359 | D:2      | Found a glowing silver altar of Zin.
  1563 | D:2      | Found a basalt altar of Yredelemnul.
  1731 | D:3      | Found a white marble altar of Elyvilon.
  1797 | D:3      | Reached XP level 5. HP: 22/28 MP: 4/6
  1991 | D:3      | Noticed Ijyb
  2257 | D:4      | Found a sand-covered staircase.
  2264 | Ossuary  | Entered an ossuary
  2291 | Ossuary  | Reached skill level 5 in Unarmed Combat
  2291 | Ossuary  | Reached XP level 6. HP: 12/33 MP: 3/7
  2339 | Ossuary  | Gained mutation: You are somewhat inexperienced. (-2 XL)
                  | [Ru sacrifice]
  2339 | Ossuary  | Reached XP level 5. HP: 29/29 MP: 6/6
  2339 | Ossuary  | Reached XP level 4. HP: 25/25 MP: 5/5
  2339 | Ossuary  | Reached *** piety under Ru
  2339 | Ossuary  | Reached **** piety under Ru
  2395 | Ossuary  | Reached XP level 5. HP: 19/29 MP: 6/6
  2508 | Ossuary  | Reached XP level 6. HP: 26/33 MP: 5/7
  2524 | Ossuary  | Slain by a scorpion

Levels and vault maps discovered:
D:1:      nicolae_arrival_washed_ashore, layout_loops_ring
D:2:      minmay_roachtagon, layout_rooms, zin_academy,
          yredelemnul_forgotten_temple_becter, nicolae_ru_awakened_eye,
          chequers_ecumenical_altar_island, guppyfry_early_lair_pool
D:3:      layout_basic, overflow_temple_1_default, first_ration, uniq_ijyb
D:4:      layout_basic, tso_oasis_becter, lemuel_round_altar,
          nicolae_ossuary_entry_monument, portal_sewer_entry_e
Ossuary:  ossuary_minmay_scorpions

Skill      XL: |  1  2  3  4  5 |
---------------+----------------+-----
Fighting       | 3 4 |  4.2
Unarmed Combat | 4 5 |  5.9
Dodging        | 3 |  3.8
Stealth        | |  2.4

Action                   |  1- 3 |  4- 6 || total
-------------------------+-------+-------++-------
Melee: Unarmed           |    88 |   227 ||   315
       Bite              |    29 |    65 ||    94
       Punch             |       |    10 ||    10
Invok: Sacrifice Artific |     1 |       ||     1
       Sacrifice Experie |       |     1 ||     1
       Draw Out Power    |       |     1 ||     1
  Use: Potion            |       |     3 ||     3
 Stab: Sleeping          |     5 |     5 ||    10
       Invisible         |     1 |     3 ||     4
       Distracted        |     1 |     1 ||     2
  Eat: Chunk             |     1 |     4 ||     5
Armor: Robe              |     5 |    22 ||    27
Dodge: Dodged            |    54 |   123 ||   177

Table legend:
 A = Non-vault XP
 B = Vault XP
 C = Vault XP percentage of total XP
 D = Non-vault monster count
 E = Vault monster count
 F = Vault count percentage of total count
                 A         B        C        D         E       F
            +---------+---------+-------+---------+---------+-------
      Total |     270 |     412 |  60.4 |      59 |      30 |  33.7
            +---------+---------+-------+---------+---------+-------
        D:1 |      33 |       0 |   0.0 |      19 |       0 |   0.0
        D:2 |      66 |      19 |  22.4 |      16 |      10 |  38.5
        D:3 |     156 |       0 |   0.0 |      20 |       0 |   0.0
        D:4 |      15 |       0 |   0.0 |       4 |       0 |   0.0
    Ossuary |       0 |     393 | 100.0 |       0 |      20 | 100.0
            +---------+---------+-------+---------+---------+-------
